 Dungeon Crawl Stone Soup version 0.30-a0-304-gdc4b735fe1 (webtiles) character file.

Game seed: 17249925438755838831

126 IdlyInterested the Covered (level 4, -1/35 HPs)
             Began as a Demonspawn Wanderer on Oct 20, 2022.
             Killed by divine providence
             ... invoked by an orc priest
              (10 damage)
             ... on level 3 of the Dungeon.
             The game lasted 00:06:01 (1913 turns).

IdlyInterested the Covered (Demonspawn Wanderer)    Turns: 1913, Time: 00:06:02

Health: -1/35      AC: 18    Str: 11    XL:     4   Next: 83%
Magic:  6/6        EV:  8    Int: 15    God:
Gold:   69         SH:  0    Dex: 14    Spells: 5/6 levels left

rFire   . . .      SeeInvis +    j - +0 war axe (protect)
rCold   . . .      Faith    .    (no shield)
rNeg    . . .      Spirit   .    d - +2 scale mail
rPois   .          Reflect  .    (helmet restricted)
rElec   .          Harm     .    (no cloak)
rCorr   .          Rampage  .    (no gloves)
Will    .....                    (no boots)
Stlth   ..........               (no amulet)
HPRegen 0.25/turn                k - ring of see invisible
MPRegen 0.10/turn                (no ring)

@: mighty, under a protective aura
A: horns 1, slimy green scales 1
a: no special abilities


You were on level 3 of the Dungeon.
You visited 1 branch of the dungeon, and saw 3 of its levels.

You collected 69 gold pieces.

Inventory:

Hand Weapons
 a - a +0 dagger
 g - a +0 halberd
 i - a +0 short sword
 j - a +0 war axe of protection (weapon)
 l - a +0 spear
Missiles
 h - 26 stones
 m - 6 curare-tipped darts
 o - 5 javelins
 r - a boomerang
Armour
 d - a +2 scale mail (worn)
 e - a +1 robe of fire resistance
Jewellery
 k - a ring of see invisible (left hand)
Scrolls
 b - 4 scrolls of teleportation
 f - a scroll of magic mapping
Potions
 c - a potion of attraction
 q - a potion of ambrosia {unknown}


   Skills:
 * Level 3.3 Fighting
 - Level 4.0 Armour
 - Level 1.0 Stealth
 + Level 1.5 Spellcasting
 + Level 3.8 Hexes


You had 5 spell levels left.
You knew the following spells:

 Your Spells              Type           Power      Damage    Failure   Level
a - Slow                  Hex            48%        N/A       26%         1

Your spell library contained the following spells:

 Spells                   Type           Power      Damage    Failure   Level
 Summon Guardian Golem    Hex/Summ       6%         N/A       86%         3
 Frozen Ramparts          Ice            2%         1d1       98%         3
 Ice Form                 Ice/Tmut       1%         N/A       100%        4
 Summon Ice Beast         Ice/Summ       1%         N/A       100%        4


Dungeon Overview and Level Annotations

Branches:
Dungeon (3/15)

Altars:
Uskayaw

Shops:
D:1 (   D:2 ?


Innate Abilities, Weirdness & Mutations

You have a pair of small horns on your head.
You are partially covered in slimy green scales. (AC +2)


Message History

You hit the gnoll. You headbutt the gnoll.
You kill the gnoll!
You closely miss the gnoll.
You hear a shout! x2
The gnoll completely misses you. The gnoll hits you with a +0 club.
The gnoll barely misses you.
Things that are here:
a +0 whip; a gnoll corpse You hit the gnoll.
The gnoll is heavily wounded.
An orc wizard comes into view.
It is wielding a +1 dagger of electrocution.
The gnoll hits you but does no damage.
You slash the gnoll!
You kill the gnoll!
The orc wizard casts a spell.
The orc wizard flickers and vanishes for a moment.
An orc comes into view. It is wielding a +0 hand axe.
An orc priest comes into view. It is wielding a +0 mace.
The gnoll hits you with a +0 club.
It was a potion of curing.
You feel better.
The orc shouts!
The gnoll hits you but does no damage. x2
It was a potion of might.
You feel very mighty all of a sudden. The gnoll barely misses you.
The orc warrior closely misses you. The gnoll hits you but does no damage.
You closely miss the orc warrior. You slash the gnoll! You hit the gnoll.
The orc warrior hits you but does no damage.
The gnoll barely misses you. The gnoll hits you with a +0 whip.
The orc priest mumbles some strange prayers to Beogh against you.
Beogh smites you!
You barely miss the orc warrior. Your headbutt misses the orc warrior.
You hit the gnoll. You closely miss the gnoll.
The orc throws a boomerang.
The boomerang closely misses you.
The orc warrior hits you with a +0 mace.
* * * LOW HITPOINT WARNING * * *
The gnoll barely misses you. The gnoll hits you but does no damage.
The orc priest calls down the wrath of Beogh upon you.
Beogh smites you!
You die...

......g........)..>.
......g............## ........
....................# ........
.............>.......## #........
#.....#.....o.....!#..##.........
..##..#o......##....##.....
.....#............# #...
##.......oo..))#.####.#####
.#........g@..).............
.......#...g..).............
..........).................
........##..................
...........###..#...†.......
........#### #..............
........######..............
..............###..#########
.......<............


You could see an orc warrior, an orc priest, an orc wizard (invisible), 2 gnolls
and an orc.

Vanquished Creatures
  An orc wizard (D:3)
  3 gnolls
  An adder (D:2)
  2 worms
  5 orcs (D:3)
  5 ball pythons
  5 endoplasms
  A giant cockroach (D:1)
  7 goblins
  6 hobgoblins
  3 bats
  3 frilled lizards (D:1)
  5 kobolds
  5 rats
52 creatures vanquished.

Notes
Turn   | Place    | Note
-------+----------+-------------------------------------------
     0 | D:1      | IdlyInterested the Demonspawn Wanderer began the quest for
                  | the Orb.
     0 | D:1      | IdlyInterested set off with the following items: a +0
                  | dagger, a scroll of teleportation, a potion of attraction,
                  | a +2 scale mail; and the following spell memorised: Slow;
                  | and the following spells available to memorise: Summon
                  | Guardian Golem.
     0 | D:1      | Reached XP level 1. HP: 15/15 MP: 2/2
   208 | D:1      | Gained mutation: You have a pair of small horns on your
                  | head. [demonic ancestry]
   208 | D:1      | Reached XP level 2. HP: 18/21 MP: 3/3
   296 | D:1      | Found a faded altar of an unknown god.
   360 | D:1      | Found Zyefuoh's Weapon Shop.
   561 | D:1      | Reached XP level 3. HP: 26/28 MP: 4/4
   963 | D:2      | Reached skill level 4 in Armour
  1004 | D:2      | Found Upsy's Magic Scroll Shoppe.
  1109 | D:2      | Found a hide-covered altar of Uskayaw.
  1856 | D:3      | Gained mutation: You are partially covered in slimy green
                  | scales. (AC +2) [demonic ancestry]
  1856 | D:3      | Reached XP level 4. HP: 34/34 MP: 5/5
  1905 | D:3      | Noticed an orc warrior
  1913 | D:3      | Killed from afar by an orc priest

Illustrated notes

Levels and vault maps discovered:
D:1:      eino_arrival_water_star, layout_rooms, serial_shops,
          nicolae_shop_bloodbath_and_beyond, ebering_ecumenical_altar_rust,
          grunt_decor_junction
D:2:      layout_basic, serial_shops, nicolae_shop_advertising_works
          [nicolae_subvault_shop_adworks], basic_altar
D:3:      layout_rooms, mainiacjoe_overflow_chevrons, goddamned_bats

Skill      XL: |  1  2  3  4 |
---------------+-------------+-----
Fighting       | 2 3 |  3.3
Armour         | 4 |  4.0
Stealth        | |  1.0
Spellcasting   | |  1.5
Hexes          | |  3.8

Action                   |  1- 3 |  4- 6 || total
-------------------------+-------+-------++-------
Melee: Dagger            |    49 |       ||    49
       Short sword       |    28 |       ||    28
       Headbutt          |    22 |     2 ||    24
       War axe           |    53 |    20 ||    73
       Punch             |     2 |       ||     2
  Use: Scroll            |     4 |       ||     4
       Potion            |       |     2 ||     2
Armor: Scale mail        |    78 |    22 ||   100
Dodge: Dodged            |    56 |    12 ||    68

Table legend: (Time is in decaauts)
 A = Elapsed time spent in this place.
 B = Non-inter-level travel time spent in this place.
 C = Inter-level travel time spent in this place.
 D = Time resting spent in this place.
 E = Time spent auto-exploring this place.
 F = Levels seen in this place.
 G = Mean time per level.
                   A        B        C        D        E       F      G
               +--------+--------+--------+--------+--------+-----+--------+
         Total |   1953 |   1759 |    194 |      0 |   1218 |   3 |  651.0 |
       Dungeon |   1953 |   1759 |    194 |      0 |   1218 |   3 |  651.0 |
               +--------+--------+--------+--------+--------+-----+--------+

Top non-repeatable levels by time:
     D:2: 1156 daAuts
     D:1: 693 daAuts
     D:3: 103 daAuts
